 Dungeon Crawl Stone Soup version 0.17-a0-2098-gf59d6bc (webtiles) character file.

37 Kidiri the Firebug (level 3, 0/20 HPs)
             Began as a Deep Elf Fire Elementalist on Oct 17, 2015.
             Slain by an orc wizard
             ... wielding a +0 dagger
              (1 damage)
             ... on level 3 of the Dungeon.
             The game lasted 00:14:12 (2507 turns).

Kidiri the Firebug (Deep Elf Fire Elementalist)     Turns: 2507, Time: 00:14:12

Health: 0/20       AC:  5    Str: 10    XL:     3   Next: 21%
Magic:  1/9        EV: 11    Int: 20    God:
Gold:   96         SH:  0    Dex: 15    Spells: 3 memorised, 2 levels left

rFire  . . .     SeeInvis .     d - +1 club
rCold  . . .     Clarity  .     e - +0 ring mail
rNeg   . . .     SustAt   .     (no shield)
rPois  .         Gourm    .     (no helmet)
rElec  .         Spirit   .     (no cloak)
rCorr  .         Warding  .     (no gloves)
rMut   .         Stasis   .     (no boots)
MR     .....                    (no amulet)
Stlth  ++........               (no ring)
                                (no ring)

@: mighty, very slightly contaminated, not resistant to hostile enchantments,
unstealthy
A: no striking features
a: no special abilities


You were on level 3 of the Dungeon.
You were hungry.

You visited 1 branch of the dungeon, and saw 3 of its levels.

You collected 96 gold pieces.

Inventory:

Hand Weapons
 d - a +1 club (weapon)
Armour
 e - a +0 ring mail (worn)
 f - a +1 shield
Scrolls
 i - a scroll of teleportation {unknown}
 j - a scroll of noise {unknown}
Potions
 o - a potion of flight
Books
 b - a book of Flames

   Spells                             Type                      Level
   a - Flame Tongue                   Conjuration/Fire             1
   b - Throw Flame                    Conjuration/Fire             2
   c - Conjure Flame                  Conjuration/Fire             3
   d - Inner Flame                    Hexes/Fire                   3
   e - Sticky Flame                   Conjuration/Fire             4
   f - Fireball                       Conjuration/Fire             5
Comestibles
 a - a chunk of flesh
 c - 4 bread rations
 g - a meat ration
 k - a royal jelly


   Skills:
 + Level 0.5 Fighting
 + Level 0.2 Maces & Flails
 * Level 0.7 Armour
 + Level 2.8 Dodging
 + Level 2.6 Stealth
 * Level 0.4 Shields
 * Level 3.3 Spellcasting
 + Level 1.3 Conjurations
 + Level 3.4 Fire Magic


You had 2 spell levels left.
You knew the following spells:

 Your Spells              Type           Power        Failure   Level  Hunger
a - Flame Tongue          Conj/Fire      ##...        14%         1    None
b - Throw Flame           Conj/Fire      ##....       21%         2    ##.....
c - Conjure Flame         Conj/Fire      ##......     43%         3    ###....


Dungeon Overview and Level Annotations

Branches:
Dungeon (3/15)

Altars:
Sif Muna
The Shining One


Message History

The puff of flame hits the orc.
The orc is lightly wounded.
The orc wizard hits you but does no damage.
Unknown command.
Casting: Throw Flame
Confirm with . or Enter, or press ? or * to list all spells.
Aiming: Throw Flame
Press: ? - help, Shift-Dir - straight line, f/p - orc wizard
Aim: an orc wizard, wielding a dagger and wearing a robe (heavily wounded, fast)
The puff of flame hits the orc wizard.
The orc wizard is severely wounded.
The orc wizard hits you but does no damage.
The orc wizard points at you and mumbles some strange words.
The magic dart hits you!
* * * LOW HITPOINT WARNING * * *
Unknown command.
You hit the orc wizard.
The orc wizard is almost dead.
The orc wizard hits you with a dagger.
You die...

#######...........# ..#..
#.#.#...#.........# .#..#.
#.#.#.###.........# ..#...
#.#.#.# ###.....###
......##.....# ######..##
#.[...#....### #....#
#...........## #....#
...###.......#########....#
..............oo@.........#
##[#...###.#..########....#
.....#.##..##..# #....#
..#..#.#..####.# #....#
.........# ##.########..##
...#....# #..>.....#####
..####..# #......(.# .!#
##.# #........# .....
.#####........#


You could see an orc wizard and an orc.

Vanquished Creatures
  A worm (D:2)
  2 giant geckos
  4 bats
  5 hobgoblins
  2 kobolds
  A quokka (D:2)
  A ball python (D:2)
  A giant cockroach (D:2)
  6 giant newts
  5 goblins
  A jackal (D:1)
  4 rats
33 creatures vanquished.

Notes
Turn   | Place    | Note
--------------------------------------------------------------
     0 | D:1      | Kidiri the Deep Elf Fire Elementalist began the quest for the Orb.
     0 | D:1      | Reached XP level 1. HP: 10/10 MP: 6/6
   283 | D:1      | Found a glowing golden altar of the Shining One.
   620 | D:1      | Reached XP level 2. HP: 15/15 MP: 6/8
   624 | D:1      | Learned a level 2 spell: Throw Flame
  1789 | D:2      | Found a deep blue altar of Sif Muna.
  2111 | D:2      | Reached XP level 3. HP: 20/20 MP: 6/9
  2116 | D:2      | Learned a level 3 spell: Conjure Flame
  2506 | D:3      | HP: 1/20 [orc wizard/magic dart (3)]
  2507 | D:3      | Slain by an orc wizard

Vault maps used:
D:1:      roderic_crossed_star, tso_metal_star
D:2:      led_sif_pool, first_bread
D:3:      zin_scriptorium, nemelex_diamond_rough_becter, uniq_terence,
          uniq_crazy_yiuf_cottage

Action                   || total
-------------------------++-------
Melee: Club              ||    20
       Unarmed           ||     1
 Cast: Flame Tongue      ||    34
       Throw Flame       ||    20
  Use: Scroll            ||    10
       Potion            ||     1
  Eat: Chunk             ||     5
